 Dungeon Crawl Stone Soup version 0.19-a0-1937-g70ed36a (webtiles) character file.

23622 varam the Destroyer (level 12, -2/70 HPs)
             Began as a Deep Elf Conjurer on Oct 26, 2016.
             Was an Elder of Vehumet.
             Slain by a dream sheep (6 damage)
             ... on level 3 of the Lair of Beasts.
             The game lasted 01:03:40 (15610 turns).

varam the Destroyer (Deep Elf Conjurer)            Turns: 15610, Time: 01:03:41

Health: -2/70      AC:  7    Str:  8    XL:     12   Next: 73%
Magic:  5/26       EV: 14    Int: 33    God:    Vehumet [****..]
Gold:   518        SH:  9    Dex: 15    Spells: 5 memorised, 14 levels left

rFire  . . .     SeeInvis .     a - staff of conjuration
rCold  + . .     Gourm    .     b - +0 robe of the Nine Demons {MR+ Int+4}
rNeg   . . .     Faith    .     W - +0 shield {rC+}
rPois  +         Spirit   .     K - +0 helmet
rElec  .         Reflect  .     v - +0 cloak {rPois}
rCorr  .         Harm     .     y - +1 pair of gloves
MR     +++..                    u - +0 pair of boots
Stlth  +++.......               s - amulet "Duduxaat" {rPois Regen+ Int+2 Stlth+}
                                A - ring of protection from magic
                                p - +4 ring of intelligence

@: no status effects
A: no striking features
a: Renounce Religion


You were on level 3 of the Lair of Beasts.
You worshipped Vehumet.
Vehumet was greatly pleased with you.
You were very hungry.

You visited 2 branches of the dungeon, and saw 15 of its levels.
You also visited: Ossuary.

You collected 679 gold pieces.
You spent 161 gold pieces at shops.

Inventory:

Hand Weapons
 o - a +2 dagger of protection
 M - a +6 falchion
Armour
 b - the +0 robe of the Nine Demons (worn) {MR+ Int+4}
   (You found it on level 2 of the Lair of Beasts)

   It affects your intelligence (+4).
   It affects your resistance to hostile enchantments.
 q - a +2 robe of positive energy
 u - a +0 pair of boots (worn)
 v - a +0 cloak of poison resistance (worn)
 y - a +1 pair of gloves (worn)
 K - a +0 helmet (worn)
 W - a +0 shield of cold resistance (worn)
Magical Staves
 a - an uncursed staff of conjuration (weapon)
Jewellery
 k - an uncursed ring of magical power {unknown}
 p - a +4 ring of intelligence (left hand)
 s - the amulet "Duduxaat" (around neck) {rPois Regen+ Int+2 Stlth+}
   (You found it on level 4 of the Dungeon)

   [amulet of regeneration]

   It affects your intelligence (+2).
   It protects you from poison.
   It increases your rate of regeneration.
   It makes you more stealthy.
 A - a ring of protection from magic (right hand)
Wands
 j - a wand of iceblast (11/15)
 r - a wand of polymorph (10/24)
Scrolls
 c - a scroll of identify {@r1}
 d - a scroll of noise {unknown}
 f - 10 scrolls of remove curse {@r2}
 i - a scroll of immolation {unknown}
 l - 2 scrolls of teleportation {unknown}
 m - 4 scrolls of magic mapping
 n - 2 scrolls of enchant armour
 P - a scroll of blinking
 S - 3 scrolls of fear
Potions
 e - 3 potions of invisibility
 h - a potion of heal wounds {unknown}
Comestibles
 g - 7 chunks of flesh
 t - a slice of pizza
 T - 12 fruits


   Skills:
 - Level 6.2 Fighting
 - Level 6.0 Dodging
 - Level 2.4 Stealth
 + Level 4.5 Shields
 - Level 8.4 Spellcasting
 * Level 14.1 Conjurations
 - Level 11.1 Charms
 * Level 10.7 Fire Magic


You had 14 spell levels left.
You knew the following spells:

 Your Spells              Type           Power        Failure   Level  Hunger
a - Magic Dart            Conj           ####         1%          1    None
b - Throw Flame           Conj/Fire      ######       1%          2    None
c - Searing Ray           Conj           ######       1%          2    None
d - Dazzling Spray        Conj/Hex       ######       1%          3    None
e - Iskenderun's Battles  Conj/Chrm      #######.     1%          5    ####...


Dungeon Overview and Level Annotations

Branches:
Dungeon (11/15)            Temple (0/1) D:6            Lair (4/6) D:10
 Shoals (0/4) Lair:3          Orc (0/2) D:9
  Snake: Lair:2-4    Spider: Lair:2-4

Altars:
Elyvilon
Nemelex Xobeh
Qazlal
Ru
Uskayaw
Vehumet
Zin
Beogh

Shops:
D:9 [


Message History

Your battlesphere expends the last of its energy and dissipates.
The dream sheep are wreathed in dream dust.
You feel drowsy...
You fall asleep.
A dream sheep comes into view. x2
The dream sheep bleats!
The dream sheep bleats!
The dream sheep bites you!
You wake up.
The dream sheep closely misses you.
You climb upwards.
The komodo dragon bites you!! The komodo dragon barely misses you.
There is a stone staircase leading down, spattered with blood here.
Casting: Searing Ray
Confirm with . or Enter, or press ? or * to list all spells.
You feel a surge of power!
You conjure a globe of magical energy.
You are feeling very hungry.
The dream sheep bites you but does no damage.
The komodo dragon bites you!!
* * * LOW HITPOINT WARNING * * *
The dream sheep bites you.
You die...

...#..#...## ##...# #......(..
..#.......# #...## #.........
.......#..# ##..# #.........
..P#..##..# #..####.........
..##..#P..## ##..P.##.........
.......P...###................
..............*...F...........
......##.%.....l>Y##..........
..........##.#..@###..........
..........#####).# #..........
......#P..P# #..# ##.........
..........## #..P# P....F....
.......#...# ###### ..........
......#...####≈§######.......
.......#..###≈§≈≈≈≈≈ ##.....
####..##..##≈≈≈§≈§ ≈##
≈≈≈##.#..##§≈≈≈≈## ≈≈# ......


You could see a komodo dragon, a spiny frog, a dream sheep and a friendly
battlesphere.

Vanquished Creatures
  4 hydras
  Pikel (D:4)
  The ghost of p0werm0de the Martial Artist, a novice DsFi of Uskayaw (D:7)
  Joseph (D:8)
  Psyche (D:8)
  2 molten gargoyles (Lair:3)
  A black mamba (Lair:3)
  6 spiny frogs
  4 komodo dragons
  A troll (D:10)
  2 two-headed ogres
  A hornet (D:9)
  Prince Ribbit (D:5)
  4 blink frogs (Lair:1)
  4 dream sheep
  7 hippogriffs
  2 wyverns (D:9)
  18 yaks
  Eustachio (D:4)
  Sigmund (D:3)
  3 basilisks
  Grum (D:10)
  Edmund (D:5)
  A warg (D:8)
  2 water moccasins
  6 porcupines
  2 hell hounds (D:10)
  2 sky beasts
  3 orc warriors
  2 phantoms
  2 ogres
  12 wolves
  2 centaurs
  9 crocodiles
  Blork the orc (D:4)
  18 bullfrogs
  7 big kobolds
  3 scorpions
  11 wights
  6 killer bees
  2 howler monkeys
  6 electric eels
  4 crimson imps
  5 lava snakes (Lair:3)
  3 human zombies (Ossuary)
  A bullfrog zombie (D:10)
  2 bullfrog skeletons
  2 jellies
  Crazy Yiuf (D:5)
  6 orc priests
  8 orc wizards
  Terence (D:2)
  2 centaur skeletons
  2 iguanas
  6 worker ants
  3 hound zombies (Ossuary)
  3 mummies (Ossuary)
  A worker ant zombie (D:9)
  9 adders
  A river rat (D:3)
  3 shadow imps
  An ooze (D:2)
  An adder skeleton (D:8)
  6 adder zombies
  3 worms
  11 dart slugs
  6 leopard geckos
  41 orcs
  7 bats
  9 giant cockroaches
  9 goblins
  8 hobgoblins
  13 jackals
  25 kobolds
  6 quokkas
  A ball python (D:3)
  4 frilled lizards
  2 gnoll zombies (Ossuary)
  3 goblin zombies (Ossuary)
  6 hobgoblin zombies (Ossuary)
  3 jackal zombies (Ossuary)
  3 kobold zombies (Ossuary)
  2 leopard gecko skeletons (D:6)
  A leopard gecko zombie (D:8)
  2 orc zombies (Ossuary)
  3 quokka zombies (Ossuary)
  11 rats
  3 rat zombies (Ossuary)
418 creatures vanquished.

Vanquished Creatures (others)
  A quokka (D:4)
  A leopard gecko skeleton (D:4)
  5 fungi
  2 plants
9 creatures vanquished.

Grand Total: 427 creatures vanquished

Notes
Turn   | Place    | Note
-------+----------+-------------------------------------------
     0 | D:1      | varam the Deep Elf Conjurer began the quest for the Orb.
     0 | D:1      | Reached XP level 1. HP: 10/10 MP: 6/6
    45 | D:1      | Found a roughly hewn altar of Beogh.
    45 | D:1      | Noticed an orc wizard
    45 | D:1      | Noticed an orc wizard
    46 | D:1      | Noticed an orc warrior
    48 | D:1      | Noticed an orc priest
   327 | D:1      | Reached skill level 5 in Conjurations
   327 | D:1      | Reached XP level 2. HP: 15/15 MP: 0/8
   399 | D:1      | Learned a level 2 spell: Searing Ray
   558 | D:1      | Reached XP level 3. HP: 11/19 MP: 1/9
  1058 | D:3      | Found a faded altar of an unknown god.
  1152 | D:3      | Reached skill level 6 in Conjurations
  1326 | D:2      | Found a sparkling altar of Nemelex Xobeh.
  1345 | D:2      | Reached XP level 4. HP: 24/24 MP: 3/10
  1592 | D:2      | Noticed Terence
  1614 | D:2      | Killed Terence
  2298 | D:2      | Found a hide-covered altar of Uskayaw.
  2299 | D:2      | Reached XP level 5. HP: 26/28 MP: 2/11
  2319 | D:2      | Learned a level 5 spell: Iskenderun's Battlesphere
  2412 | D:3      | Noticed Sigmund
  2427 | D:3      | Killed Sigmund
  2427 | D:3      | Reached skill level 7 in Conjurations
  2427 | D:3      | Reached XP level 6. HP: 7/32 MP: 5/12
  3447 | D:4      | Noticed Blork the orc
  3456 | D:4      | Killed Blork the orc
  3483 | D:4      | Noticed Eustachio
  3521 | D:4      | Learned a level 3 spell: Dazzling Spray
  3541 | D:4      | Noticed a slave
  3587 | D:4      | Found a glowing silver altar of Zin.
  3600 | D:5      | Entered Level 5 of the Dungeon
  3604 | D:5      | Reached skill level 5 in Charms
  3732 | D:4      | Killed Eustachio
  3732 | D:4      | Reached skill level 8 in Conjurations
  3732 | D:4      | Reached XP level 7. HP: 17/36 MP: 2/13
  4016 | D:4      | Noticed Pikel
  4022 | D:4      | Killed Pikel
  4022 | D:4      | Reached skill level 9 in Conjurations
  4022 | D:4      | Reached XP level 8. HP: 41/41 MP: 4/14
  4237 | D:4      | Found a radiant altar of Vehumet.
  4241 | D:4      | Became a worshipper of Vehumet
  4314 | D:4      | Got a slimy bronze amulet
  4315 | D:4      | Identified the amulet "Duduxaat" {rPois Regen+ Int+2 Stlth+} (You found it on level 4 of the Dungeon)
  4709 | D:5      | Noticed Edmund
  4716 | D:5      | Noticed Prince Ribbit
  4725 | D:5      | Killed Edmund
  5056 | D:5      | Found a runed door.
  5060 | D:5      | Noticed Crazy Yiuf
  5064 | D:5      | Killed Crazy Yiuf
  5114 | D:5      | Killed Prince Ribbit
  5114 | D:5      | Reached skill level 1 in Fighting
  5114 | D:5      | Reached skill level 10 in Conjurations
  5663 | D:6      | Found a white marble altar of Elyvilon.
  5702 | D:6      | Found a sand-covered staircase.
  5707 | Ossuary  | Entered an ossuary
  5819 | Ossuary  | Reached * piety under Vehumet
  5819 | Ossuary  | Offered knowledge of Freeze by Vehumet.
  6200 | Ossuary  | Reached XP level 9. HP: 46/48 MP: 10/17
  6234 | Ossuary  | Reached ** piety under Vehumet
  6239 | Ossuary  | Offered knowledge of Throw Flame by Vehumet.
  6243 | Ossuary  | Learned a level 2 spell: Throw Flame
  7130 | D:6      | Found a sacrificial altar of Ru.
  7138 | D:6      | Reached skill level 1 in Fire Magic
  7175 | D:6      | Found a staircase to the Ecumenical Temple.
  7224 | D:6      | Offered knowledge of Stone Arrow by Vehumet.
  7244 | D:6      | Reached skill level 5 in Spellcasting
  7991 | D:7      | Reached *** piety under Vehumet
  8033 | D:7      | Noticed p0werm0de's ghost (novice DsFi)
  8178 | D:8      | Found a stormy altar of Qazlal.
  8445 | D:8      | Offered knowledge of Ignite Poison by Vehumet.
  8592 | D:8      | Noticed Joseph
  8665 | D:8      | Killed Joseph
  8665 | D:8      | Reached skill level 5 in Dodging
  8665 | D:8      | Reached skill level 11 in Conjurations
  8859 | D:7      | Reached skill level 10 in Charms
  8899 | D:7      | Reached XP level 10. HP: 56/56 MP: 14/21
  9346 | D:7      | Killed p0werm0de's ghost
  9537 | D:8      | Noticed Psyche
  9539 | D:8      | Killed Psyche
  9544 | D:8      | Reached **** piety under Vehumet
  9799 | D:8      | Reached skill level 5 in Fire Magic
 10013 | D:9      | Offered knowledge of Airstrike by Vehumet.
 10164 | D:9      | Found a staircase to the Orcish Mines.
 10430 | D:9      | Found Lutu's Armour Shoppe.
 10435 | D:9      | Bought a +0 shield of cold resistance for 161 gold pieces
 10508 | D:9      | Reached skill level 5 in Fighting
 10552 | D:9      | Reached skill level 1 in Shields
 10652 | D:9      | Noticed a two-headed hydra
 10685 | D:9      | Killed a two-headed hydra
 10685 | D:9      | Reached skill level 12 in Conjurations
 10685 | D:9      | Reached XP level 11. HP: 64/64 MP: 8/22
 11317 | D:10     | Entered Level 10 of the Dungeon
 11359 | D:10     | Noticed Grum
 11367 | D:10     | Killed Grum
 11659 | D:10     | Reached ***** piety under Vehumet
 11674 | D:10     | Offered knowledge of Yara's Violent Unravelling by Vehumet.
 12098 | D:10     | Found a staircase to the Lair.
 12369 | Lair:1   | Entered Level 1 of the Lair of Beasts
 12842 | Lair:1   | Noticed a five-headed hydra
 12903 | Lair:1   | Killed a five-headed hydra
 13134 | Lair:1   | Reached skill level 13 in Conjurations
 13406 | Lair:1   | Reached XP level 12. HP: 70/70 MP: 18/25
 13793 | Lair:2   | Noticed a five-headed hydra
 13800 | Lair:2   | Killed a five-headed hydra
 14335 | Lair:2   | Got a creamy pearl robe
 14346 | Lair:2   | Identified the +0 robe of the Nine Demons {MR+ Int+4} (You found it on level 2 of the Lair of Beasts)
 14790 | Lair:3   | Reached skill level 10 in Fire Magic
 14959 | Lair:3   | Found a staircase to the Shoals.
 15177 | Lair:3   | Noticed a seven-headed hydra
 15244 | Lair:3   | Killed a seven-headed hydra
 15410 | Lair:3   | Reached skill level 14 in Conjurations
 15609 | Lair:3   | HP: 3/70 [komodo dragon (27)]
 15610 | Lair:3   | Slain by a dream sheep

Vault maps used:
D:1:      erik_arrival_cave_to_civilisation
D:2:      lemuel_round_altar, lemuel_crystal_altar, first_bread, uniq_terence
D:3:      ecumenical_altar_1, portal_sewer_entry_b, st_stairs_14,
          kennysheep_crisscross, uniq_sigmund
D:4:      vehumet_crystals, lemuel_tele_altar, uniq_blork_the_orc, uniq_pikel,
          uniq_eustachio
D:5:      kennysheep_windowed_goal, uniq_edmund, uniq_prince_ribbit1,
          uniq_crazy_yiuf_cottage
D:6:      overflow_temple_1_default, hangedman_ru_absence, enter_ossuary_5
D:7:      kennysheep_slugbush, corexii_corridor_pit, roderic_roman_lattice
D:8:      nicolae_qazlal_style_of_elements, uniq_psyche, uniq_joseph
D:9:      erik_orc_4, serial_shops, kennysheep_little_box, hangedman_ranch,
          billiards_dpeg
D:10:     minmay_lair_entry_lava, uniq_grum
Lair:1:   beast_lair_carwin_8
Lair:2:   serial_bayou_shore_a, grunt_megastairs_1
Lair:3:   cheibrodos_magma_flow, elwin_shoals_entry_rooms
Lair:4:   nicolae_spider_entry_non_spiders, infiniplex_staircase_pool_2,
          uniq_josephine
Ossuary:  minmay_ossuary_two_tombs

Skill      XL: |  1  2  3  4  5  6  7  8  9 10 11 12 |
---------------+-------------------------------------+-----
Conjurations   | 5 6 7 8 9 10 11 12 13 14 | 14.1
Charms         | 3 5 8 9 10 11 | 11.1
Fighting       | 2 3 5 6 |  6.2
Dodging        | 3 5 6 |  6.0
Spellcasting   | 4 6 7 8 |  8.4
Fire Magic     | 3 6 8 10 | 10.7
Shields        | 1 3 4 |  4.5
Stealth        | |  2.4

Action                   |  1- 3 |  4- 6 |  7- 9 | 10-12 || total
-------------------------+-------+-------+-------+-------++-------
Melee: Rapier            |       |       |    12 |       ||    12
       Quarterstaff      |       |       |    60 |     6 ||    66
       Falchion          |       |       |       |    10 ||    10
       Dagger            |       |       |       |     6 ||     6
       Staff             |       |       |       |     2 ||     2
 Cast: Magic Dart        |    68 |    82 |   197 |   333 ||   680
       Searing Ray       |     4 |    17 |    18 |    43 ||    82
       Dazzling Spray    |       |     2 |     3 |     7 ||    12
       Iskenderun's Batt |       |       |    43 |    75 ||   118
  Use: Scroll            |       |     1 |     1 |    11 ||    13
  Eat: Chunk             |     1 |     6 |    16 |    27 ||    50
       Meat ration       |       |     1 |     1 |       ||     2
       Royal jelly       |       |       |     1 |       ||     1
       Bread ration      |       |       |     1 |     1 ||     2
       Beef jerky        |       |       |       |     1 ||     1
Armor: Robe              |     3 |     4 |    26 |    28 ||    61
Dodge: Dodged            |     7 |    17 |    77 |    62 ||   163
Block: Shield            |       |       |       |    43 ||    43
       Rpst.: Falchion   |       |       |       |     3 ||     3
